 Dungeon Crawl Stone Soup version 0.20.1-1-g8b1a95d (webtiles) character file.

167 slep the Slasher (level 5, -17/42 HPs)
             Began as a Demonspawn Chaos Knight on Oct 24, 2017.
             Demolished by a shadow (31 damage)
             ... summoned by the severe capriciousness of Xom
             ... on level 3 of the Dungeon.
             The game lasted 00:13:25 (2083 turns).

slep the Slasher (Demonspawn Chaos Knight)          Turns: 2083, Time: 00:13:26

Health: -17/42     AC: 15    Str: 14    XL:     5   Next: 23%
Magic:  5/5        EV: 12    Int: 13    God:    Xom [.....*]
Gold:   146        SH:  0    Dex: 16    Spells: 4/4 levels left

rFire    . . .     SeeInvis .   a - +0 falchion (chaos)
rCold    . . .     Gourm    .   (no shield)
rNeg     . . .     Faith    .   b - +2 leather armour
rPois    +         Spirit   .   (no helmet)
rElec    .         Reflect  .   x - +0 cloak
rCorr    .         Harm     .   (no gloves)
MR       .....                  m - +2 pair of boots
Stlth    ++........             (no amulet)
Regen    0.2/turn               h - ring of poison resistance
MPRegen  0.1/turn               k - +4 ring of dexterity

@: sanguine armour
A: claws 1, demonic guardian 1, sanguine armour 1
a: Renounce Religion


You were on level 3 of the Dungeon.
You worshipped Xom.
You were Xom's teddy bear.
You were not hungry.

You visited 1 branch of the dungeon, and saw 3 of its levels.

You collected 146 gold pieces.

Inventory:

Hand Weapons
 a - a +0 falchion of chaos (weapon)
 o - a +0 dagger of venom
 p - a +2 flail of holy wrath
Missiles
 n - 14 tomahawks (quivered)
Armour
 b - a +2 leather armour (worn)
 m - a +2 pair of boots (worn)
 s - a +1 pair of boots of stealth
 x - a +0 cloak (worn)
Jewellery
 h - a ring of poison resistance (left claw)
 k - a +4 ring of dexterity (right claw)
Wands
 r - a wand of iceblast (6/15)
Scrolls
 e - 6 scrolls of identify {unknown}
 g - a scroll of blinking {unknown}
 i - a scroll of amnesia {unknown}
 j - a scroll of remove curse {unknown}
 l - a scroll of fog {unknown}
 q - a scroll of teleportation {unknown}
 y - a scroll of immolation {unknown}
Potions
 d - 2 potions of haste {unknown}
 f - a potion of curing
 t - a potion of magic {unknown}
 v - a potion of cancellation {unknown}
Comestibles
 c - 2 bread rations
 u - 6 chunks of flesh
 w - a royal jelly


   Skills:
 + Level 3.8 Fighting
 + Level 3.9 Long Blades
 + Level 2.3 Armour
 + Level 2.2 Dodging
 + Level 1.0 Stealth


You had 4 spell levels left.
You didn't know any spells.

Dungeon Overview and Level Annotations

Branches:
Dungeon (3/15)

Altars:
Xom


Innate Abilities, Weirdness & Mutations

You have sharp fingernails.
A weak demonic guardian rushes to your aid.
When seriously injured, your bleeding wounds create armour. (AC +6)


Message History

You hit the shadow but do no damage. The shadow misses you.
You hit the shadow. You burn the shadow.
The shadow is lightly damaged.
The shadow barely misses you.
You closely miss the shadow.
The shadow is lightly damaged.
The shadow closely misses you.
You hit the shadow. Lightning courses through the shadow!
The shadow is severely damaged.
The shadow hits you.
You closely miss the shadow.
The shadow is severely damaged.
The shadow slips into darkness.
The shadow flickers and vanishes!
Deactivating autopickup; reactivate with Ctrl-A.
You closely miss something.
The shadow strikes at you from the darkness!
Ouch! That really hurt!
You die...
Xom chuckles heartily!

## #. #. #. #. ########.
#......#.
#############......#.
#..5@{......'......#.
###b###########......#.
#.......# #..........#.
#.......###
#........###.
#..........# #........#
#. #..........#
##........# #.
#######....###.........#
## #...>.....Z.........+
#.......Z##.......>.#


You could see a friendly shadow imp.

Vanquished Creatures
  Ijyb (D:3)
  Natasha (D:2)
  An orc wizard (D:3)
  A howler monkey zombie (D:3)
  An adder (D:2)
  A worm (D:3)
  3 dart slugs
  A leopard gecko (D:2)
  4 orcs
  3 giant cockroaches
  4 goblins
  6 hobgoblins
  2 jackals (D:1)
  A quokka (D:2)
  A ball python (D:1)
  4 bats
  A frilled lizard (D:3)
  7 kobolds
  6 rats
49 creatures vanquished.

Vanquished Creatures (collateral kills)
  Natasha (D:2)
  An orc (D:3)
2 creatures vanquished.

Vanquished Creatures (others)
  7 toadstools (D:1)
7 creatures vanquished.

Grand Total: 58 creatures vanquished

Notes
Turn   | Place    | Note
-------+----------+-------------------------------------------
     0 | D:1      | slep the Demonspawn Chaos Knight began the quest for the Orb.
     0 | D:1      | Reached XP level 1. HP: 18/18 MP: 1/1
    39 | D:1      | XOM: divination: detect creatures
   107 | D:1      | XOM: divination: detect items
   142 | D:1      | XOM: silly message
   212 | D:1      | Reached skill level 1 in Dodging
   228 | D:1      | XOM: potion effect (agility)
   235 | D:1      | Gained mutation: A weak demonic guardian rushes to your aid. [demonic ancestry]
   235 | D:1      | Reached XP level 2. HP: 19/24 MP: 2/2
   523 | D:1      | XOM: cloud trail
   529 | D:1      | XOM: scenery: create altars
   952 | D:1      | XOM: scenery: create altars
  1079 | D:2      | Gained mutation: You have sharp fingernails. [demonic ancestry]
  1079 | D:2      | Reached XP level 3. HP: 28/29 MP: 3/3
  1081 | D:2      | XOM: cloud trail
  1102 | D:2      | Noticed Natasha
  1111 | D:2      | XOM: smoke on damage
  1112 | D:2      | Killed Natasha
  1147 | D:2      | Noticed Natasha
  1182 | D:2      | XOM: 3-stop teleportation journey
  1253 | D:2      | XOM: cloud trail
  1330 | D:2      | XOM: divination: detect items
  1357 | D:2      | Paralysed by you for 6 turns
  1411 | D:2      | XOM: mild Conj miscast
  1515 | D:2      | Killed Natasha
  1515 | D:2      | Reached skill level 1 in Stealth
  1515 | D:2      | Gained mutation: When seriously injured, your bleeding wounds create armour. (AC +6) [demonic ancestry]
  1515 | D:2      | Reached XP level 4. HP: 36/36 MP: 4/4
  1644 | D:3      | Noticed Ijyb
  1649 | D:3      | XOM: noise
  1651 | D:3      | XOM: confusion (+ monsters)
  1662 | D:3      | Killed Ijyb
  1738 | D:3      | Reached XP level 5. HP: 33/42 MP: 5/5
  2064 | D:3      | XOM: medium Necr miscast
  2065 | D:3      | Noticed a shadow
  2065 | D:3      | Noticed a shadow
  2076 | D:3      | XOM: butterfly on damage
  2083 | D:3      | Demolished by a shadow

Skill      XL: |  1  2  3  4 |
---------------+-------------+-----
Dodging        | 1 2 |  2.2
Armour         | 2 |  2.3
Long Blades    | 3 |  3.9
Stealth        | 1 |  1.0
Fighting       | |  3.8

Action                   |  1- 3 |  4- 6 || total
-------------------------+-------+-------++-------
Melee: Falchion          |   104 |    73 ||   177
 Stab: Paralysed         |     1 |     1 ||     2
       Distracted        |       |     1 ||     1
       Sleeping          |       |     1 ||     1
  Eat: Chunk             |     2 |     2 ||     4
Armor: Leather armour    |    40 |    22 ||    62
Dodge: Dodged            |    66 |    40 ||   106
       Rpst.: Falchion   |    17 |    12 ||    29
